 Dungeon Sprint DCSS version 0.30-a0-1112-gfb780f5df6 (webtiles) character file.

Game seed: 13640631294694183464

856 dduke234 the Fighter (level 7, -1/74 HPs)
             Began as an Armataur Monk on Apr 19, 2023.
             Was a Priest of Okawaru.
             Slain by a mummy (8 damage)
             ... in the Dungeon (Sprint V: "Ziggurat Sprint").
             The game lasted 00:04:22 (140 turns).

dduke234 the Fighter (Armataur Monk)                 Turns: 140, Time: 00:04:24

Health: -1/74      AC: 27    Str: 24    XL:     7   Next: 70%
Magic:  7/7        EV:  1    Int: 10    God:    Okawaru [***...]
Gold:   0          SH: 28    Dex: 19    Spells: 6/6 levels left

rFire   . . .      SeeInvis +    D - +16 obsidian axe {drain, demonic, Mesm Drain Fly SInv}
rCold   . . .      Faith    .    F - +18 shield of the Gong {Loud rN+ Will+ rCorr EV-5}
rNeg    + . .      Spirit   .    E - +15 Maxwell's patent armour {-Cast -Tele rElec Will+ rCorr}
rPois   .          Reflect  .    (no helmet)
rElec   +          Roll     +    (no cloak)
rCorr   +          NoTele   +    (no gloves)
Will    ++...      NoCast   +    (no barding) Stlth
                                 (no amulet)
HPRegen 0.32/turn                x - +6 ring of dexterity
MPRegen 0.10/turn                C - +6 ring of strength

@: lethally poisoned (-1 -> -29), flying, mesmerised, slowed, very slow
A: large, rugged brown scales 3, deformed body, armoured tail, roll, long
tongue, awkward tongue
a: Renounce Religion, Heroism


You were in the Dungeon.
You worshipped Okawaru.
Okawaru was most pleased with you.
You visited 1 branch

Inventory:

Hand Weapons
 a - a +0 mace
 D - the +16 obsidian axe (weapon) {drain, demonic, Mesm Drain Fly SInv}
   (You found it in the Dungeon)

   Mesm:      Its wielder is mesmerised by any visible foes, and it cannot be
   unequipped while any foes are visible.
   SInv:      It lets you see invisible.
   Fly:       It grants you flight.
   Drain:     It drains your maximum health when unequipped.
Armour
 b - a +0 robe
 d - an orb of light
 E - the +15 Maxwell's patent armour (worn) {-Cast -Tele rElec Will+ rCorr}
   (You found it in the Dungeon)

   rElec:     It insulates you from electricity.
   -Cast:     It prevents spellcasting.
   -Tele:     It prevents most forms of teleportation.
   rCorr:     It protects you from acid and corrosion.
   Will:      It increases your willpower.
 F - the +18 shield of the Gong (worn) {Loud rN+ Will+ rCorr EV-5}
   (You found it in the Dungeon)

   Loud:      It is deafeningly noisy when blocking attacks.
   EV:        It affects your evasion (-5).
   rN:        It protects you from negative energy.
   rCorr:     It protects you from acid and corrosion.
   Will:      It increases your willpower.
Jewellery
 n - a ring of see invisible
 w - a ring of flight
 x - a +6 ring of dexterity (left hand)
 y - a +6 ring of dexterity
 z - a +6 ring of intelligence
 A - a +6 ring of intelligence
 B - a +6 ring of strength
 C - a +6 ring of strength (right hand)
Wands
 t - a wand of mindburst (7)
 u - a wand of iceblast (15)
 v - a wand of quicksilver (6)
Scrolls
 j - 4 scrolls of blinking
 p - 4 scrolls of amnesia
 q - 7 scrolls of fog
 r - 5 scrolls of identify
 s - 2 scrolls of fear
Potions
 c - a potion of ambrosia
 e - 10 potions of curing
 f - 9 potions of heal wounds
 g - 6 potions of haste
 h - 7 potions of magic
 i - 3 potions of berserk rage
 k - 2 potions of brilliance
 l - 2 potions of invisibility
 m - 4 potions of resistance
 o - 5 potions of might
Miscellaneous
 G - a phial of floods


   Skills:
 * Level 9.2 Fighting
 * Level 6.6(7.5) Axes
 - Level 6.1(7.7) Maces & Flails
 * Level 9.1 Armour
 + Level 5.1 Dodging
 + Level 3.2 Shields
 + Level 1.2 Evocations


You had 6 spell levels left.
You didn't know any spells.
Your spell library contained the following spells:

 Spells                   Type           Power      Damage    Failure   Level
 Chain Lightning          Conj/Air       0%         N/A       100%        9
 Fire Storm               Conj/Fire      0%         5d1       100%        9
 Shatter                  Erth           0%         3d5*      100%        9


Dungeon Overview and Level Annotations

Branches:
Dungeon (1/1)

Altars:
Ashenzari
Cheibriados
Dithmenos
Elyvilon
Fedhas
Gozag
Hepliaklqana
Kikubaaqudgha
Makhleb
Nemelex Xobeh
Okawaru
Qazlal
Ru
Sif Muna
Trog
Uskayaw
Vehumet
Wu Jian
Xom
Yredelemnul
Zin
The Shining One
Jiyva
Lugonu

Annotations:
D 1 transporter


Innate Abilities, Weirdness & Mutations

You are completely covered in rugged brown scales. (AC +3, +7% HP)
Armour fits poorly on your strangely shaped body.
You have a long armoured tail.
You roll when moving toward enemies. (Rampage)
Your long tongue fully drains potion bottles. (2x potion effects)
Your tongue gives you trouble enunciating. (1.5x scroll delay)


Message History

The ushabti hits you but does no damage.
Visions of slaying the ushabti flood into your mind.
You feel extremely sick.
The ushabti shakes and rattles.
The vile air hits you but does no damage.
You block the mummy's attack.
GONNNNG!
You are too injured to fight recklessly!
You are too injured to fight recklessly!
You feel much better.
You slurp down every last drop of the potion of heal wounds!
You are engulfed in dark miasma.
You are more poisoned.
You feel extremely sick.
The ushabti shakes and rattles deafeningly!
You block the mummy's attack.
PANG!
You block the mummy's attack.
GONNNNG!
The ushabti shakes and rattles.
The vile air hits you but does no damage.
You slash the ushabti!
The ushabti is almost destroyed.
You slash the mummy! You hit the mummy but do no damage.
You barely miss the mummy.
Visions of slaying the mummy flood into your mind.
You are engulfed in dark miasma.
You are more poisoned.
* * * LOW HITPOINT WARNING * * *
You feel extremely sick. You block the mummy's attack.
BOUMMMMG!
You block the mummy's attack.
GONNNNG!
You block the mummy's attack.
BOUMMMMG!
You block the ushabti's attack.
GONNNNG!
The mummy hits you!
You die...

▓.....▓.....▓.....▓
▓.†††.▓.....▓..©..▓
▓..©..▓..©..▓▓▓▓▓▓▓
▓▓▓▓▓▓▓▓▓▓▓▓▓▓
▓..8©8...▓
▓..=:|...▓
▓...|....▓
▓...9MM..▓
▓...M@...▓
▓.▓...°▓.▓
▓...°..☼.▓
▓▓▓▓▓▓▓▓▓▓


You could see an ushabti (catching breath) and 3 mummies.

Vanquished Creatures
  An ugly thing (D)
  A wyvern (shapeshifter) (D)
  A black bear (shapeshifter) (D)
  A tengu (shapeshifter) (D)
  A crimson imp (D)
  An iron imp (D)
  3 jellies (D)
9 creatures vanquished.

Notes
Turn   | Place    | Note
-------+----------+-------------------------------------------
     0 | D        | dduke234 the Armataur Monk began the quest for the Orb.
     0 | D        | Reached XP level 1. HP: 19/19 MP: 1/1
     0 | D        | Found a shimmering blue altar of Sif Muna.
     0 | D        | Found a bloodstained altar of Trog.
     0 | D        | Found a sacrificial altar of Ru.
     0 | D        | Found a stormy altar of Qazlal.
     0 | D        | Found an iron altar of Okawaru.
     1 | D        | Found a sparkling altar of Nemelex Xobeh.
     1 | D        | Found a blossoming altar of Fedhas.
     1 | D        | Found the +6 Majin-Bo {spellvamp, MP+6 Int+6}
     1 | D        | Found the +27 heavy crossbow "Sniper" {heavy, Acc+∞ SInv}
     1 | D        | Found the +10 dark maul {heavy}
     1 | D        | Found the +15 Maxwell's patent armour {-Cast -Tele rElec
                  | Will+ rCorr}
     1 | D        | Found the +18 shield of the Gong {Loud rN+ Will+ rCorr
                  | EV-5}
     1 | D        | Found the +16 obsidian axe {drain, demonic, Mesm Drain Fly
                  | SInv}
     1 | D        | Found the +7 great mace "Firestarter" {flame, immolate,
                  | rFlCloud rF++}
     1 | D        | Found the +6 shillelagh "Devastator" {shatter}
     1 | D        | Found the +11 plutonium sword {Contam Stlth-}
     1 | D        | Found the +8 lance "Wyrmbane" {slay drac, rPois rF+ rC+
                  | AC+3}
     1 | D        | Found the +9 sword of Zonguldrok {reap}
     1 | D        | Found the +13 scythe of Curses {drain, curses, Drain}
     1 | D        | Found the +9 sword of Power {lifebolt}
     1 | D        | Found the +7 mace of Variability {chaos, chaos arc}
     1 | D        | Found the +11 Singing Sword {sonic wave}
     1 | D        | Found the +8 storm bow {elec, penet}
     3 | D        | Found a transporter.
     3 | D        | Found an ancient bone altar of Kikubaaqudgha.
     3 | D        | Found a viscous altar of Jiyva.
     3 | D        | Found a corrupted altar of Lugonu.
     3 | D        | Found a hazy altar of Hepliaklqana.
     3 | D        | Found a burning altar of Makhleb.
     3 | D        | Found an opulent altar of Gozag.
    49 | D        | Became a worshipper of Warmaster Okawaru
    49 | D        | Reached * piety under Okawaru
    49 | D        | Reached ** piety under Okawaru
    58 | D        | Reached skill level 5 in Fighting
    58 | D        | Reached skill level 5 in Maces & Flails
    58 | D        | Reached skill level 5 in Armour
    58 | D        | Reached XP level 2. HP: 31/31 MP: 2/2
    59 | D        | Reached XP level 3. HP: 38/38 MP: 3/3
    79 | D        | Entered arena 2.
    79 | D        | Found a transporter.
    87 | D        | Reached XP level 4. HP: 47/47 MP: 4/4
    97 | D        | Entered arena 3.
    97 | D        | Found a transporter.
   100 | D        | Reached skill level 1 in Axes
   101 | D        | Reached XP level 5. HP: 49/54 MP: 5/5
   102 | D        | Reached skill level 1 in Shields
   111 | D        | Entered arena 4.
   111 | D        | Noticed a tengu
   111 | D        | Noticed a wyvern
   111 | D        | Noticed a black bear
   111 | D        | Noticed a purple ugly thing
   111 | D        | Found a transporter.
   116 | D        | Killed a tengu
   117 | D        | Reached XP level 6. HP: 55/64 MP: 6/6
   117 | D        | Killed a wyvern
   118 | D        | Killed a purple ugly thing
   118 | D        | Reached *** piety under Okawaru
   119 | D        | Reached skill level 5 in Dodging
   119 | D        | Reached skill level 1 in Evocations
   119 | D        | Reached XP level 7. HP: 52/74 MP: 7/7
   133 | D        | Entered arena 5.
   133 | D        | Noticed an ushabti
   133 | D        | Found a transporter.
   140 | D        | Slain by a mummy

Illustrated notes

Levels and vault maps discovered:
D:        sprint_v [room_start, room_1, room_2, room_3, room_4, room_5, room_6,
          room_7, room_8, room_9, room_10, room_11, room_12, room_13, room_14,
          room_15, room_16, room_17, room_18, room_19, room_20, room_21,
          room_22, room_23, room_24, room_25, room_26, room_27]

Skill      XL: |  1  2  3  4  5  6 |
---------------+-------------------+-----
Fighting       | 5 6 7 9 |  9.2
Maces & Flails | 5 6 |  6.1
Armour         | 5 6 7 9 |  9.1
Dodging        | 3 4 5 |  5.1
Axes           | 1 3 6 |  6.6
Shields        | 1 3 |  3.2
Evocations     | 1 |  1.2

Action                     |  1- 3 |  4- 6 |  7- 9 || total
---------------------------+-------+-------+-------++-------
  Melee: Broad axe         |     7 |     8 |     4 ||    19
         Tailslap          |       |     2 |       ||     2
  Evoke: Wand              |       |     2 |       ||     2
    Use: Potion            |     1 |       |     1 ||     2
 Armour: Plate armour      |     1 |    11 |     4 ||    16
  Block: Kite shield       |     5 |    13 |    10 ||    28

Table legend: (Time is in decaauts)
 A = Elapsed time spent in this place.
 B = Non-inter-level travel time spent in this place.
 C = Inter-level travel time spent in this place.
 D = Time resting spent in this place.
 E = Time spent auto-exploring this place.
 F = Levels seen in this place.
 G = Mean time per level.
                   A        B        C        D        E       F      G
               +--------+--------+--------+--------+--------+-----+--------+
         Total |    148 |    148 |      0 |      0 |      0 |   1 |  148.0 |
       Dungeon |    148 |    148 |      0 |      0 |      0 |   1 |  148.0 |
               +--------+--------+--------+--------+--------+-----+--------+

Top non-repeatable levels by time:
       D: 148 daAuts
